 Dungeon Crawl Stone Soup version 0.31-a0-37-g98a128e1d9 (webtiles) character file.

Game seed: 10481151125379217301

449 hamfred the Cleaver (level 6, 0/51 HPs)
             Began as a Minotaur Berserker on May 15, 2023.
             Was a Priest of Trog.
             Slain by an orc
             ... wielding a +0 club
              (6 damage)
             ... on level 5 of the Dungeon.
             The game lasted 00:35:07 (3392 turns).

hamfred the Cleaver (Minotaur Berserker)            Turns: 3392, Time: 00:35:07

Health: 0/51       AC: -3    Str: 24    XL:     6   Next: 74%
Magic:  5/5        EV:  9    Int: 10    God:    Trog [***...]
Gold:   360        SH:  0    Dex:  9    Spells: 5/5 levels left

rFire   . . .        k - +3 dagger
rCold   + . .        (no shield)
rNeg    . . .        h - +0 chain mail
rPois   .            (helmet restricted)
rElec   .            (no cloak)
rCorr   .            (no gloves)
SInv    .            (no boots)
Will    .....        (no amulet) Stlth
                     o - +6 ring of intelligence
HPRegen 0.28/turn    p - ring of protection from cold
MPRegen 0.09/turn

%: no passive effects
@: corroded
A: horns 2, retaliatory headbutt
a: Renounce Religion, Berserk, Trog's Hand


You were on level 5 of the Dungeon.
You worshipped Trog.
Trog was most pleased with you.
You visited 1 branch of the dungeon, and saw 5 of its levels.

You collected 360 gold pieces.

Inventory:

Hand Weapons
 a - a +0 hand axe
 f - a +0 sling
 k - a +3 dagger (weapon)
Missiles
 j - 57 stones (quivered)
Armour
 b - a +0 animal skin
 d - a +0 ring mail
 h - a +0 chain mail (worn)
Magical Staves
 i - a staff of earth
Jewellery
 o - a +6 ring of intelligence (left hand)
 p - a ring of protection from cold (right hand)
Wands
 t - a wand of flame (13)
Scrolls
 c - 2 scrolls of immolation {unknown}
 l - 2 scrolls of noise {unknown}
 m - 4 scrolls of identify {unknown}
 n - 5 scrolls of fear {unknown}
 u - 2 scrolls of fog {unknown}
 x - 2 scrolls of amnesia {unknown}
 y - a scroll of vulnerability {unknown}
 B - a scroll of poison {unknown}
Potions
 e - 3 potions of curing
 g - a potion of lignification {unknown}
 q - a potion of haste {unknown}
 r - a potion of attraction {unknown}
 s - a potion of invisibility {unknown}
 v - a potion of degeneration {unknown}
 w - a potion of cancellation {unknown}
 z - 2 potions of heal wounds {unknown}
 A - a potion of ambrosia {unknown}


   Skills:
 - Level 3.6 Fighting
 + Level 9.2 Axes
 - Level 2.4 Armour
 - Level 2.2 Dodging


You had 5 spell levels left.
You didn't know any spells.
Your spell library contained the following spells:

 Spells                   Type           Power      Damage    Failure   Level
 Gell's Gravitas          Tloc           0%         N/A       100%        3
 Teleport Other           Tloc           0%         N/A       100%        3
 Fireball                 Conj/Fire      0%         3d3       100%        5
 Iskenderun's Battlesphe  Conj           0%         2d6       100%        5
 Conjure Ball Lightning   Conj/Air       0%         3x3d6     100%        6
 Dispersal                Tloc           0%         N/A       100%        6
 Orb of Destruction       Conj           0%         9d5       100%        7


Dungeon Overview and Level Annotations

Branches:
Dungeon (5/15)             Temple (0/1) D:4

Altars:
Wu Jian


Innate Abilities, Weirdness & Mutations

You have a pair of horns on your head.
You reflexively headbutt those who attack you in melee.


Message History

You now have 360 gold pieces (gained 7).
B - a scroll labelled LAAGION VOUH A jelly comes into view.
You slash the jelly! The acid corrodes you!
Your hands burn!
The jelly is heavily wounded.
The jelly hits you.
You are splashed with acid!
You hit the jelly.
Your hands burn!
The jelly is heavily wounded.
The jelly hits you. The acid corrodes you!
You are splashed with acid!
You hit the jelly. The acid corrodes you!
Your hands burn!
The jelly is almost dead.
The jelly closely misses you.
You hit the jelly.
You kill the jelly!
Trog accepts your kill.
An orc comes into view. It is wielding a +0 club.
The orc shouts!
An orc wizard comes into view. It is wielding a +2 dagger of freezing.
An orc comes into view. It is wielding a +0 short sword.
A jelly comes into view.
k - a +3 dagger (weapon)
You barely miss the orc.
The jelly quivers.
The orc hits you with a +0 club.
You barely miss the orc. Your headbutt misses the orc.
The orc barely misses you.
You hit the orc but do no damage. The orc hits you with a +0 club.
You barely miss the orc. The orc barely misses you.
You hit the orc but do no damage. The orc hits you with a +0 club.
* * * LOW HITPOINT WARNING * * *
You barely miss the orc. You headbutt the orc, but do no damage.
You punch the orc, but do no damage. The orc hits you with a +0 club.
* * * LOW HITPOINT WARNING * * *
You hit the orc but do no damage. Your headbutt misses the orc.
The orc hits you with a +0 club.
* * * LOW HITPOINT WARNING * * *
You barely miss the orc. The orc hits you with a +0 club.
* * * LOW HITPOINT WARNING * * *
You hit the orc but do no damage. The orc hits you with a +0 club.
You die...

#### #..### .##
#....###### #...#
#....#....#.....#
###....#......#
#.#...@oJ###.....#
######......#..#
......#
##..#.....##.#.##
.......
#........#####.#
...##.. ##.........##
... ...o #
#.....##....# ...
....o ##
#...#.#...........
..J.o.
.####.......##.......
..#
###.....####......


You could see a jelly and an orc.

Vanquished Creatures
  An ice beast (D:4)
  A scorpion (D:4)
  2 jellies (D:5)
  A gnoll bouda (D:4)
  An orc wizard (D:3)
  3 gnolls (D:4)
  5 adders
  2 white imps (D:5)
  2 worms
  2 dart slugs (D:3)
  7 orcs
  7 ball pythons
  7 endoplasms
  2 giant cockroaches
  6 goblins
  4 hobgoblins
  3 jackals (D:2)
  8 kobolds
  9 quokkas
  4 bats
  5 frilled lizards
  4 rats
86 creatures vanquished.

Notes
Turn   | Place    | Note
-------+----------+-------------------------------------------
     0 | D:1      | hamfred the Minotaur Berserker began the quest for the Orb.
     0 | D:1      | Reached XP level 1. HP: 19/19 MP: 0/0
    46 | D:1      | Found a faded altar of an unknown god.
    71 | D:1      | Reached skill level 4 in Axes
   309 | D:1      | Reached XP level 2. HP: 21/26 MP: 1/1
   981 | D:2      | Reached skill level 5 in Axes
   985 | D:2      | Reached XP level 3. HP: 28/31 MP: 2/2
  1802 | D:3      | Reached ** piety under Trog
  1832 | D:3      | Reached XP level 4. HP: 39/39 MP: 3/3
  1845 | D:3      | Reached skill level 6 in Axes
  2325 | D:4      | Reached XP level 5. HP: 43/45 MP: 4/4
  2353 | D:4      | Reached skill level 7 in Axes
  2410 | D:4      | Found an ornate altar of the Wu Jian Council.
  2592 | D:4      | Noticed an ice beast
  2615 | D:4      | Reached skill level 8 in Axes
  2659 | D:4      | Killed an ice beast
  2660 | D:4      | Reached XP level 6. HP: 51/51 MP: 5/5
  3107 | D:4      | Found a staircase to the Ecumenical Temple.
  3200 | D:5      | Entered Level 5 of the Dungeon
  3246 | D:5      | Reached skill level 9 in Axes
  3372 | D:5      | Reached *** piety under Trog
  3392 | D:5      | Slain by an orc

Illustrated notes

Levels and vault maps discovered:
D:1:      beargit_arrival_greenhouse, layout_loops_corners,
          hellmonk_ecumenical_altar_run_dry, minmay_door_square,
          minmay_box_of_dots
D:2:      layout_basic
D:3:      layout_rooms
D:4:      minmay_chambers_of_fours, layout_rooms, nzn_wu_jian_contemplation,
          temple_hall
D:5:      corexii_shack_village, layout_cave_pools

Skill      XL: |  1  2  3  4  5  6 |
---------------+-------------------+-----
Axes           | 4 5 6 8 9 |  9.2
Fighting       | |  3.6
Armour         | |  2.4
Dodging        | |  2.2

Action                     |  1- 3 |  4- 6 || total
---------------------------+-------+-------++-------
  Melee: Hand axe          |   102 |   150 ||   252
         Headbutt          |    13 |    24 ||    37
         Punch             |     1 |     1 ||     2
         Dagger            |       |     9 ||     9
 Invoke: Berserk           |     1 |     1 ||     2
         Trog's Hand       |       |     1 ||     1
    Use: Potion            |       |     2 ||     2
   Stab: Sleeping          |     1 |       ||     1
 Armour: Animal skin       |     2 |       ||     2
         Ring mail         |     2 |       ||     2
         Chain mail        |    41 |    51 ||    92
  Dodge: Dodged            |    46 |    57 ||   103

Table legend: (Time is in decaauts)
 A = Elapsed time spent in this place.
 B = Non-inter-level travel time spent in this place.
 C = Inter-level travel time spent in this place.
 D = Time resting spent in this place.
 E = Time spent auto-exploring this place.
 F = Levels seen in this place.
 G = Mean time per level.
                   A        B        C        D        E       F      G
               +--------+--------+--------+--------+--------+-----+--------+
         Total |   3398 |   3291 |    107 |     56 |   2093 |   5 |  679.6 |
       Dungeon |   3398 |   3291 |    107 |     56 |   2093 |   5 |  679.6 |
               +--------+--------+--------+--------+--------+-----+--------+

Top non-repeatable levels by time:
     D:4: 957 daAuts
     D:1: 938 daAuts
     D:2: 796 daAuts
     D:3: 517 daAuts
     D:5: 188 daAuts
